AoeStats
← Morrig4n4692

Arabia

510096026Analyzed
1v1 RM · 4d ago on Sep 29, 2026· 39m 52s· 2 players
Game mode
Random Map
Map size
Tiny (2 player)
Population
200
Speed
Normal
Resources
Standard
Victory
Conquest
Starting age
Dark Age
Ending age
Imperial Age
RankedLock teamsTeams togetherTeam positionsShared explorationLock speedFull tech treeHidden civsTurbo modeCheats
Victory
Defeat
🇺🇸 Khmer · United States
1174
+20
🇺🇸 Vietnamese · United States
1131
-14
[spank] Lord of the Spank
8:08 Loom
10:33 Feudal Age
11:42 Double-Bit Axe
12:39 Town Watch
14:50 Horse Collar
18:36 Wheelbarrow
18:45 Wheelbarrow
21:46 Castle Age
21:29 Gold Mining
21:32 Fletching
21:43 Padded Archer Armor
22:52 Bow Saw
23:30 Heavy Plow
27:15 Elite Skirmisher
28:28 Bodkin Arrow
Morrig4n4692
2:24 Loom
10:01 Feudal Age
11:40 Double-Bit Axe
19:48 Castle Age
19:21 Horse Collar
19:41 Gold Mining
20:00 Fletching
20:27 Bloodlines
22:02 Padded Archer Armor
23:36 Bodkin Arrow
24:38 Wheelbarrow
23:46 Horse Collar
24:38 Bow Saw
25:09 Leather Archer Armor
26:54 Ballistics
28:54 Heavy Plow
29:23 Husbandry
Connection lost

Rejoining the realm…

Still unreachable

The connection could not be restored.

Session expired

The server has moved on; the page needs a fresh start.